 Dungeon Crawl Stone Soup version 0.18.1-48-g4cf74bf (console) character file.

1062 Kloppie the Skirmisher (level 8, 0/81 HPs)
             Began as a Gargoyle Berserker on June 28, 2016.
             Was an Elder of Trog.
             Slain by an ogre
             ... wielding a +0 giant club
              (20 damage)
             ... on level 5 of the Dungeon.
             The game lasted 00:07:54 (3851 turns).

Kloppie the Skirmisher (Gargoyle Berserker)         Turns: 3851, Time: 00:07:55

Health: 0/81       AC: 13    Str: 25    XL:     8   Next: 27%
Magic:  8/8        EV: 11    Int:  9    God:    Trog [****..]
Gold:   221        SH:  0    Dex: 11    Spells: 0 memorised, 7 levels left

rFire  . . .     SeeInvis .     a - +0 flail
rCold  . . .     Gourm    .     e - +0 ring mail
rNeg   + . .     Faith    .     (no shield)
rPois  ∞         Spirit   .     b - +1 helmet
rElec  +         Dismiss  .     w - +0 cloak
rCorr  .         Reflect  .     (no gloves)
SustAt .         Harm     .     (no boots)
MR     .....                    (no amulet)
Stlth  ..........               (no ring)
                                (no ring)

@: berserking, very quick, not resistant to hostile enchantments, extremely
unstealthy
A: negative energy resistance 1, electricity resistance, unbreathing,
petrification resistance, rot immunity, AC +5
a: Berserk, Trog's Hand, Brothers in Arms, Burn Spellbooks, Renounce Religion


You were on level 5 of the Dungeon.
You worshipped Trog.
Trog was greatly pleased with you.
You were not hungry.

You visited 1 branch of the dungeon, and saw 5 of its levels.
You also visited: Sewer.

You collected 221 gold pieces.

Inventory:

Hand Weapons
 a - a +0 flail (weapon)
 y - a +0 mace
Armour
 b - a +1 helmet (worn)
 e - a +0 ring mail (worn)
 w - a +0 cloak (worn)
 G - a +0 plate armour
Jewellery
 o - a +6 ring of evasion {unknown}
 u - an uncursed amulet of the gourmand {unknown}
 z - a +3 ring of dexterity {unknown}
Wands
 E - a wand of random effects (24/48)
Scrolls
 d - a scroll of recharging {unknown}
 i - a scroll of magic mapping {unknown}
 j - a scroll of noise {unknown}
 k - a scroll of blinking {unknown}
 m - 2 scrolls of enchant weapon {unknown}
 n - 2 scrolls of remove curse {unknown}
 r - 7 scrolls of identify {unknown}
 v - 3 scrolls of teleportation {unknown}
 C - a scroll of fog {unknown}
 F - a scroll of amnesia {unknown}
Potions
 f - a potion of mutation {unknown}
 h - 3 potions of brilliance {unknown}
 l - a potion of lignification {unknown}
 q - 2 potions of haste {unknown}
 s - 2 potions of might {unknown}
 t - a potion of magic {unknown}
 x - a potion of degeneration {unknown}
 A - 4 potions of curing {unknown}
 B - a potion of berserk rage {unknown}
 D - 3 potions of flight {unknown}
 H - a potion of cancellation {unknown}
Comestibles
 c - 5 bread rations
 g - 6 fruits
 p - a beef jerky


   Skills:
 + Level 7.9 Fighting
 + Level 7.4 Maces & Flails
 - Level 2.1 Armour
 - Level 1.5 Dodging


You had 7 spell levels left.
You didn't know any spells.

Dungeon Overview and Level Annotations

Branches:
Dungeon (5/15)             Temple (0/1) D:4

Altars:
Ashenzari
Fedhas
Gozag
Nemelex Xobeh
Okawaru
Qazlal
Sif Muna
Xom
Yredelemnul


Innate Abilities, Weirdness & Mutations

You are resistant to torment.
Your stone body is resilient (AC +5).
You are immune to poison.
You resist negative energy.
You are resistant to electric shocks.
You can survive without breathing.
You are immune to petrification.
You are immune to rotting.


Message History

The ogre is lightly wounded.
The ogre closely misses you.
You barely miss the ogre.
The ogre is lightly wounded.
You barely miss the ogre.
The ogre is lightly wounded.
The ogre hits you with a giant club!
You closely miss the ogre.
The ogre is lightly wounded.
The ogre misses you.
You hit the ogre.
The ogre is lightly wounded.
The ogre hits you with a giant club!
* * * LOW HITPOINT WARNING * * *
You are too injured to fight recklessly!
You are too injured to fight recklessly!
A red film seems to cover your vision as you go berserk!
You feel yourself moving faster!
You feel mighty!
You feel somewhat more hungry. The ogre hits you with a giant club!!
You die...

# #. #+# #..
#+## ...##
#..###..##..[>#
#........O....#
#.......@.....#
#........######
#..##....#...#
#####......♣
#......>.#...#
#........#####
#.<#####.#
#..###..†#
#........#


You could see an ogre.

Vanquished Creatures
  The ghost of cutebanana the Conjurer, a novice GrWz (D:5)
  A sky beast (D:4)
  A phantom (D:4)
  An ogre (D:5)
  A centaur (D:5)
  A big kobold (Sewer)
  A howler monkey (D:4)
  A hound (D:4)
  2 jellies (D:4)
  Crazy Yiuf (D:2)
  An orc wizard (D:3)
  3 gnolls (D:3)
  8 adders
  A howler monkey skeleton (D:4)
  2 river rats
  A shadow imp (D:5)
  An ooze (D:2)
  5 worms
  4 dart slugs (D:1)
  4 giant geckos
  4 orcs
  7 giant cockroaches
  6 goblins
  6 hobgoblins
  6 jackals
  7 kobolds
  3 quokkas
  A sheep (D:4)
  6 bats
  4 giant newts
  15 rats
106 creatures vanquished.

Vanquished Creatures (others)
  A butterfly (D:5)
1 creature vanquished.

Grand Total: 107 creatures vanquished

Notes
Turn   | Place    | Note
--------------------------------------------------------------
     0 | D:1      | Kloppie the Gargoyle Berserker began the quest for the Orb.
     0 | D:1      | Reached XP level 1. HP: 14/14 MP: 1/1
    77 | D:1      | Reached XP level 2. HP: 16/19 MP: 2/2
   387 | D:1      | Reached ** piety under Trog
   464 | D:1      | Reached XP level 3. HP: 24/24 MP: 3/3
   583 | D:1      | Found a shattered altar of Ashenzari.
  1092 | D:2      | Found an opulent altar of Gozag.
  1257 | D:2      | Found a sparkling altar of Nemelex Xobeh.
  1305 | D:2      | Reached XP level 4. HP: 25/29 MP: 4/4
  1358 | D:2      | Found a deep blue altar of Sif Muna.
  1639 | D:2      | Noticed Crazy Yiuf
  1654 | D:2      | Killed Crazy Yiuf
  2093 | D:3      | Found an iron altar of Okawaru.
  2098 | D:3      | Reached XP level 5. HP: 34/34 MP: 5/5
  2110 | D:3      | Reached skill level 5 in Fighting
  2149 | D:3      | Reached *** piety under Trog
  2313 | D:3      | Found a basalt altar of Yredelemnul.
  2626 | D:3      | Reached skill level 5 in Maces & Flails
  2667 | D:3      | Found a glowing drain.
  2680 | Sewer    | Entered a sewer
  2693 | Sewer    | Reached XP level 6. HP: 33/40 MP: 6/6
  2834 | Sewer    | Reached **** piety under Trog
  2854 | Sewer    | Found a white marble altar of Elyvilon.
  2954 | D:4      | Found a blossoming altar of Fedhas.
  3015 | D:4      | Found a shimmering altar of Xom.
  3069 | D:4      | Noticed a sky beast
  3085 | D:4      | Killed a sky beast
  3085 | D:4      | Reached XP level 7. HP: 47/47 MP: 7/7
  3200 | D:4      | Found a staircase to the Ecumenical Temple.
  3425 | D:5      | Entered Level 5 of the Dungeon
  3429 | D:5      | Noticed cutebanana's ghost (novice GrWz)
  3441 | D:5      | Killed cutebanana's ghost
  3441 | D:5      | Reached XP level 8. HP: 53/53 MP: 8/8
  3775 | D:5      | Found a stormy altar of Qazlal.
  3851 | D:5      | Slain by an ogre

Skill      XL: |  1  2  3  4  5  6  7 |
---------------+----------------------+-----
Fighting       | 4 5 6 7 |  7.9
Maces & Flails | 4 5 6 7 |  7.4
Armour         | |  2.1
Dodging        | |  1.5

Action                   |  1- 3 |  4- 6 |  7- 9 || total
-------------------------+-------+-------+-------++-------
Melee: Mace              |   138 |    60 |       ||   198
       Flail             |       |   199 |    88 ||   287
Invok: Berserk           |       |     3 |     3 ||     6
  Eat: Chunk             |     1 |     2 |     6 ||     9
       Meat ration       |       |     1 |       ||     1
       Beef jerky        |       |     1 |       ||     1
Armor: Animal skin       |     3 |       |       ||     3
       Ring mail         |    55 |   145 |    40 ||   240
Dodge: Dodged            |    78 |   155 |    55 ||   288
